 Dungeon Crawl Stone Soup version 0.27-a0-1374-gc14e5d3922 (webtiles) character file.

Game seed: 14879805485445386024

326 Nattfarinn the Skirmisher (level 6, -1/66 HPs)
             Began as an Ogre Warper on June 29, 2021.
             Slain by an orc priest (9 damage)
             ... on level 3 of the Dungeon.
             The game lasted 00:12:37 (5026 turns).

Nattfarinn the Skirmisher (Ogre Warper)             Turns: 5026, Time: 00:12:37

Health: -1/66      AC:  5    Str: 16 (18) XL:     6   Next: 49%
Magic:  9/9        EV:  9    Int: 11 (14) God:
Gold:   28         SH:  0    Dex:  5 (8)  Spells: 4/9 levels left

rFire    . . .     SeeInvis .   d - +3 spear (flame)
rCold    . . .     Faith    .   (no shield)
rNeg     . . .     Spirit   .   b - +0 robe
rPois    .         Reflect  .   (helmet restricted)
rElec    .         Harm     .   c - +1 cloak
rCorr    .         Rampage  .   (gloves unavailable)
Will     .....                  (boots unavailable)
Stlth    +.........             (no amulet)
HPRegen  0.21/turn              (no ring)
MPRegen  0.11/turn              (no ring)

@: hasted, very quick
A: large, unfitting armour, tough skin 1
a: no special abilities


You were on level 3 of the Dungeon.
You visited 1 branch of the dungeon, and saw 4 of its levels.

You collected 64 gold pieces.
You spent 36 gold pieces at shops.

Inventory:

Hand Weapons
 a - a +0 mace
 d - a +3 spear of flaming (weapon)
Missiles
 i - 5 boomerangs (quivered)
 o - 3 large rocks
Armour
 b - a +0 robe (worn)
 c - a +1 cloak (worn)
 l - a +0 kite shield
Scrolls
 h - a scroll of identify
Potions
 k - a potion of attraction {unknown}
 m - a potion of degeneration
 n - a potion of heal wounds {unknown}


   Skills:
 + Level 5.5 Fighting
 * Level 5.0 Maces & Flails
 - Level 1.0 Throwing
 - Level 2.1 Dodging
 - Level 2.4 Spellcasting
 - Level 2.6 Translocations


You had 4 spell levels left.
You knew the following spells:

 Your Spells              Type           Power      Damage    Failure   Level
a - Blink                 Tloc           N/A        N/A       14%         2
b - Teleport Other        Tloc           7%         N/A       28%         3

Your spell library contained the following spells:

 Spells                   Type           Power      Damage    Failure   Level
 Gell's Gravitas          Tloc           3%         N/A       28%         3
 Lesser Beckoning         Tloc           3%         N/A       28%         3
 Confusing Touch          Hex            1%         N/A       63%         3
 Petrify                  Tmut/Erth      1%         N/A       95%         4
 Manifold Assault         Tloc           7%         N/A       95%         5
 Metabolic Englaciation   Hex/Ice        0%         N/A       100%        5
 Yara's Violent Unravell  Hex/Tmut       0%         3d3       100%        5


Dungeon Overview and Level Annotations

Branches:
Dungeon (4/15)
 Temple: D:4-7

Altars:

Shops:
D:4 !


Innate Abilities, Weirdness & Mutations

You are too large for most types of armour.
You have tough skin. (AC +1)


Message History

The orc priest hits you but does no damage.
You miss something. Something hits you. The orc priest barely misses you.
You miss something. Something hits you but does no damage.
The orc priest closely misses you.
You closely miss the orc priest.
An orc wizard appears from thin air!
Reactivating autopickup.
The orc wizard closely misses you.
The orc priest hits you with a +0 flail.
The orc wizard hits you with a +0 dagger.
You barely miss the orc priest. The orc priest closely misses you.
The orc wizard hits you but does no damage.
You barely miss the orc priest.
The orc priest looks satisfied for a moment.
The orc wizard hits you with a +0 dagger.
You hit the orc priest. You burn the orc priest.
The orc priest is heavily wounded.
The orc priest hits you with a +0 flail.
The orc wizard casts a spell at you. The puff of flame hits you.
The orc priest hits you with a +0 flail!
* * * LOW HITPOINT WARNING * * *
It was a potion of degeneration.
There was something very wrong with that liquid.
You feel weakened.
You feel dopey.
You feel clumsy.
The orc wizard hits you but does no damage.
The orc priest hits you with a +0 flail.
* * * LOW HITPOINT WARNING * * *
You feel better. The orc wizard misses you.
The orc priest hits you with a +0 flail.
* * * LOW HITPOINT WARNING * * *
You feel better.
The orc wizard hits you but does no damage.
The orc priest mumbles some strange prayers to Beogh against you.
Beogh smites you!
* * * LOW HITPOINT WARNING * * *
It was a potion of haste.
You feel yourself speed up.
The orc wizard hits you with a +0 dagger.
* * * LOW HITPOINT WARNING * * *
The orc priest hits you with a +0 flail!
You die...

#.# #....######## #.#
#.#### ..# #.# ##.## #
#...# # ###.#.### # ##.##
#...#)..# #
......#####.#####.####
......roo@....#......##♣
#....)###o###.#..###().♣♣
..##. #)# #....# #..♣.♣ #
#.###..#.###>÷♣.♣♣
#<........)...♣..♣
####''#######..♣♣♣.
#........# #.## ♣.
#........# #.♣♣♣♣.
#..♣##♣..# #♣..♣♣.


You could see an orc priest, an orc wizard, an orc and a rat.

Vanquished Creatures
  A scorpion (D:4)
  A hound (D:3)
  Jessica (D:2)
  Natasha (thrice) (D:2)
  3 gnolls (D:3)
  3 adders (D:2)
  A worm (D:2)
  3 dart slugs (D:1)
  2 orcs
  4 bats
  7 endoplasms
  4 giant cockroaches
  9 goblins
  4 hobgoblins
  6 jackals (D:1)
  2 quokkas (D:1)
  8 ball pythons
  2 frilled lizards (D:1)
  4 kobolds
  7 rats
75 creatures vanquished.

Notes
Turn   | Place    | Note
-------+----------+-------------------------------------------
     0 | D:1      | Nattfarinn the Ogre Warper began the quest for the Orb.
     0 | D:1      | Reached XP level 1. HP: 22/22 MP: 3/3
   247 | D:1      | Reached XP level 2. HP: 22/31 MP: 5/5
   405 | D:1      | Learned a level 2 spell: Blink
   835 | D:1      | Reached XP level 3. HP: 32/37 MP: 6/6
  1671 | D:2      | Noticed Jessica
  1674 | D:2      | Killed Jessica
  1675 | D:2      | Reached XP level 4. HP: 37/48 MP: 7/7
  1768 | D:2      | Noticed Natasha
  1778 | D:2      | Killed Natasha
  1880 | D:2      | Noticed Natasha
  1889 | D:2      | Killed Natasha
  1890 | D:2      | Reached XP level 5. HP: 6/55 MP: 8/8
  2418 | D:2      | Noticed Natasha
  2433 | D:2      | Killed Natasha
  3631 | D:3      | Reached skill level 5 in Fighting
  3731 | D:3      | Noticed an orc warrior
  3982 | D:3      | Reached XP level 6. HP: 66/66 MP: 9/9
  3989 | D:3      | Learned a level 3 spell: Teleport Other
  4415 | D:3      | Found a faded altar of an unknown god.
  4685 | D:4      | Found Joibigh's Distillery.
  4694 | D:4      | Bought a potion of curing for 36 gold pieces
  4728 | D:4      | Reached skill level 5 in Maces & Flails
  4766 | D:4      | Noticed an orc warrior
  5026 | D:3      | Slain by an orc priest

Illustrated notes

Levels and vault maps discovered:
D:1:      amcnicky_arrival_double_pillar, layout_basic, minmay_3d_cube
D:2:      layout_loops_ring, uniq_jessica, uniq_natasha
D:3:      layout_loops_ring, shapermc_ecumenical_altar_totnotflames, hex_medium,
          kennysheep_generic_room_6
D:4:      layout_basic, bloody_trog, temple_hall, gup_sewer_entry_pipe,
          serial_shops, nicolae_take_the_stairs, shop, nicolae_shop_waterfront

Skill      XL: |  1  2  3  4  5  6 |
---------------+-------------------+-----
Maces & Flails | 2 3 4 5 |  5.0
Fighting       | 3 4 5 |  5.5
Throwing       | |  1.0
Dodging        | |  2.1
Spellcasting   | |  2.4
Translocations | |  2.6

Action                   |  1- 3 |  4- 6 || total
-------------------------+-------+-------++-------
Melee: Mace              |   130 |   156 ||   286
       Spear             |       |    30 ||    30
Throw: Boomerang         |       |    14 ||    14
       Large rock        |       |     3 ||     3
 Cast: Teleport Other    |       |     1 ||     1
  Use: Scroll            |       |     4 ||     4
       Potion            |       |     4 ||     4
 Stab: Sleeping          |     2 |       ||     2
Armor: Robe              |    62 |    56 ||   118
Dodge: Dodged            |    86 |    72 ||   158
Block: Kite shield       |       |     3 ||     3

Table legend: (Time is in decaauts)
 A = Elapsed time spent in this place.
 B = Non-inter-level travel time spent in this place.
 C = Inter-level travel time spent in this place.
 D = Time resting spent in this place.
 E = Time spent auto-exploring this place.
 F = Levels seen in this place.
 G = Mean time per level.
                   A        B        C        D        E       F      G
               +--------+--------+--------+--------+--------+-----+--------+
         Total |   5126 |   4685 |    441 |   1311 |   2596 |   4 | 1281.5 |
       Dungeon |   5126 |   4685 |    441 |   1311 |   2596 |   4 | 1281.5 |
               +--------+--------+--------+--------+--------+-----+--------+

Top non-repeatable levels by time:
     D:2: 2107 daAuts
     D:1: 1972 daAuts
     D:3: 949 daAuts
     D:4: 96 daAuts
